 Dungeon Crawl Stone Soup version 0.29-a0-885-gb26ba3297d (webtiles) character file.

Game seed: 11015207348609283508

56 jimonade the Sneak (level 3, -3/21 HPs)
             Began as a Vampire Brigand on July 21, 2022.
             Slain by a goblin
             ... wielding a +0 club
             ... led by Robin
              (6 damage)
             ... on level 3 of the Dungeon.
             The game lasted 00:02:51 (2076 turns).

jimonade the Sneak (Vampire Brigand)                Turns: 2076, Time: 00:02:51

Health: -3/21      AC:  5    Str: 10    XL:     3   Next: 69%
Magic:  3/3        EV: 11    Int: 13    God:
Gold:   94         SH:  0    Dex: 17    Spells: 2/2 levels left

rFire   . . .      SeeInvis +   a - +2 dagger
rCold   + + .      Faith    .   (no shield)
rNeg    + + +      Spirit   .   f - +0 leather armour
rPois   ∞          Reflect  .   (no helmet)
rElec   .          Harm     .   c - +0 cloak
rCorr   .          Rampage  .   p - +0 pair of gloves
Will    .....                   (no boots)
Stlth   ++++++....              (no amulet)
HPRegen 0.00/turn               (no ring)
MPRegen 0.08/turn               (no ring)

@: bloodless, inhibited regen
A: bloodless, fangs 3, see invisible, vampiric 2
a: Bat Form, Revivify


You were on level 3 of the Dungeon.
You visited 1 branch of the dungeon, and saw 3 of its levels.

You collected 94 gold pieces.

Inventory:

Hand Weapons
 a - a +2 dagger (weapon)
Missiles
 d - 12 poisoned darts (quivered)
 e - 3 curare-tipped darts
Armour
 b - a +0 robe
 c - a +0 cloak (worn)
 f - a +0 leather armour (worn)
 p - a +0 pair of gloves (worn)
 q - a +0 chain mail
Scrolls
 g - 3 scrolls of identify {unknown}
 j - a scroll of vulnerability {unknown}
 k - a scroll of poison {unknown}
 l - a scroll of blinking {unknown}
 m - a scroll of torment {unknown}
 n - a scroll of teleportation {unknown}
 o - 2 scrolls of fear {unknown}
Potions
 h - a potion of degeneration {unknown}
 i - a potion of ambrosia {unknown}
 r - 2 potions of mutation {unknown}
 s - 3 potions of heal wounds {unknown}
 t - a potion of berserk rage {unknown}


   Skills:
 + Level 1.8 Fighting
 + Level 2.4 Short Blades
 - Level 1.5 Throwing
 + Level 0.4 Armour
 + Level 1.2 Dodging
 * Level 7.8 Stealth


You had 2 spell levels left.
You didn't know any spells.
Your spell library was empty.

Dungeon Overview and Level Annotations

Branches:
Dungeon (3/15)

Altars:

Shops:
D:1 =


Innate Abilities, Weirdness & Mutations

You do not regenerate when monsters are visible.
You are frail without blood (-20% HP).
You can heal yourself when you bite living creatures.
You are immune to poison.
You have razor-sharp teeth.
You have supernaturally acute eyesight. (SInv)
You are afflicted with vampirism and can become a bat while bloodless.


Message History

Done waiting.
You climb downwards.
There is a stone staircase leading up here.
You see here a +0 dagger.
Robin of the Strong Arm comes into view.
They are wielding a +0 spear and carrying a wand of roots (8).
A goblin comes into view. It is wielding a +0 club.
Robin shouts!
The goblin shouts!
The hobgoblin shouts!
Robin hits you but does no damage.
You hear a shout!
The goblin shouts!
You hit Robin.
Robin is moderately wounded.
Robin roars a battlecry!
The goblins go into a battle-frenzy!
You hit Robin but do no damage.
Robin is moderately wounded.
You barely miss Robin.
Robin is moderately wounded.
Robin throws the goblin at you!
You hit Robin. You bite Robin.
You draw Robin's blood!
You feel better.
Robin is severely wounded.
The goblin hits you with a +0 club. Robin barely misses you.
You hit Robin.
Robin is almost dead.
The goblin hits you with a +0 club. Robin barely misses you.
You hit Robin but do no damage. You punch Robin.
Robin is almost dead.
The goblin hits you with a +0 club. Robin barely misses you.
You hit Robin.
You kill Robin!
The goblin barely misses you. The goblin closely misses you.
The hobgoblin attacks as you move away! The hobgoblin hits you.
* * * LOW HITPOINT WARNING * * *
The goblin closely misses you. The goblin hits you with a +0 club.
* * * LOW HITPOINT WARNING * * *
The hobgoblin attacks as you move away!
The hobgoblin hits you but does no damage.
The goblin hits you but does no damage. The goblin attacks as you move away!
The goblin hits you with a +0 club.
You die...

..#.# ##.#.###
....#####.###..#
.........## ##.#
.....####.## #'#
#.##.# #..###.#
#.##.#
#.###..######
#.##.#
#.##......).#
#.##.#
#....†8g..<.# ..
#.#
####..gg@...#
#.# ##).######
##.# #'# #.# #.#
#..# ...## #.#.


You could see a hobgoblin (strong) and 2 goblins.

Vanquished Creatures
  Robin (D:3)
  2 dart slugs
  2 ball pythons
  2 bats (D:1)
  3 endoplasms
  2 giant cockroaches
  6 goblins
  3 hobgoblins (D:2)
  3 jackals (D:1)
  4 kobolds
  2 quokkas (D:2)
  2 frilled lizards
  4 rats
36 creatures vanquished.

Notes
Turn   | Place    | Note
-------+----------+-------------------------------------------
     0 | D:1      | jimonade the Vampire Brigand began the quest for the Orb.
     0 | D:1      | Reached XP level 1. HP: 16/16 MP: 1/1
    14 | D:1      | Reached skill level 6 in Stealth
   226 | D:1      | Reached XP level 2. HP: 22/22 MP: 2/2
   434 | D:1      | Reached skill level 7 in Stealth
   434 | D:1      | Found Impe's Jewellery Shop.
  1165 | D:2      | Gained mutation: You are afflicted with vampirism and can
                  | become a bat while bloodless. [Vampire growth]
  1165 | D:2      | Reached XP level 3. HP: 21/21 MP: 3/3
  2065 | D:3      | Noticed Robin
  2073 | D:3      | Killed Robin
  2076 | D:3      | Slain by a goblin

Illustrated notes

Levels and vault maps discovered:
D:1:      saegor_arrival_simple_d, layout_loops_corners, serial_shops,
          nicolae_diamond_shop
D:2:      minmay_angry_zag, layout_basic, serial_curves, eino_curves_03,
          eino_curves_02, eino_curves_03, eino_curves_03
D:3:      layout_loops_ring, dreamdust_ecumenical_altar_drowned_temple,
          grunt_ministairs_14, uniq_robin

Skill      XL: |  1  2 |
---------------+-------+-----
Stealth        | 6 7 |  7.8
Fighting       | |  1.8
Short Blades   | |  2.4
Throwing       | |  1.5
Armour         | |  0.4
Dodging        | |  1.2

Action                   || total
-------------------------++-------
Melee: Dagger            ||    70
       Bite              ||     4
       Punch             ||     1
 Abil: Exsanguinate      ||     1
 Stab: Sleeping          ||    22
       Distracted        ||     1
Armor: Leather armour    ||    15
Dodge: Dodged            ||    24

Table legend: (Time is in decaauts)
 A = Elapsed time spent in this place.
 B = Non-inter-level travel time spent in this place.
 C = Inter-level travel time spent in this place.
 D = Time resting spent in this place.
 E = Time spent auto-exploring this place.
 F = Levels seen in this place.
 G = Mean time per level.
                   A        B        C        D        E       F      G
               +--------+--------+--------+--------+--------+-----+--------+
         Total |   2069 |   1993 |     76 |    158 |   1542 |   3 |  689.7 |
       Dungeon |   2069 |   1993 |     76 |    158 |   1542 |   3 |  689.7 |
               +--------+--------+--------+--------+--------+-----+--------+

Top non-repeatable levels by time:
     D:2: 1077 daAuts
     D:1: 911 daAuts
     D:3: 80 daAuts
